 Dungeon Crawl Stone Soup version 0.28.0 (webtiles) character file.

Game seed: 1858372516530322424

18222 RighteousDevil the Severer (level 12, -4/88 (91) HPs)
             Began as a Demonspawn Wanderer on Feb 18, 2022.
             Was an Elder of Wu Jian.
             Killed from afar by an orc sorcerer (11 damage)
             ... with a bolt of negative energy
             ... on level 1 of the Orcish Mines.
             The game lasted 00:35:53 (11671 turns).

RighteousDevil the Severer (Demonspawn Wanderer)   Turns: 11671, Time: 00:35:54

HP:   -4/88 (91)    AC: 24    Str: 22    XL:     12   Next: 25%
MP:   0/15          EV:  5    Int: 16    God:    Wu Jian [****..]
Gold: 1034          SH:  0    Dex: 12    Spells: 10/15 levels left

rFire   + . .      SeeInvis .   a - +8 frozen axe "Frostbite" {freezing cloud, *Noise Fly rC+}
rCold   + . .      Faith    .   (shield currently unavailable)
rNeg    . . .      Spirit   +   l - +0 crystal plate armour
rPois   .          Reflect  .   i - +0 helmet
rElec   .          Harm     .   c - +1 cloak
rCorr   +          Rampage  .   s - +2 pair of gloves {hurl}
Will    .....      Clarity  +   (no boots)
Stlth   ..........              f - amulet of regeneration
HPRegen 1.04/turn               G - ring of resist corrosion
MPRegen 0.28/turn               A - +6 ring of strength

@: about to teleport, flying, lightly drained
A: claws 1, magic shield, magic regeneration, magic link, sturdy frame 1,
demonic magic 1, clarity, fire resistance 1, wild magic 1
a: Renounce Religion, Wall Jump, Serpent's Lash


You were on level 1 of the Orcish Mines.
You worshipped Wu Jian.
Wu Jian was greatly pleased with you.
You visited 2 branches of the dungeon, and saw 12 of its levels.

You collected 1064 gold pieces.
You spent 30 gold pieces at shops.

Inventory:

Hand Weapons
 a - the +8 frozen axe "Frostbite" (weapon) {freezing cloud, *Noise Fly rC+}
   (You found it on level 4 of the Dungeon)

   It freezes those it strikes, dealing additional cold damage.
   It can also slow down cold-blooded creatures.
   It occasionally leaves clouds of freezing vapour upon striking a foe.
   It grants immunity to clouds of freezing vapour.
   rC:        It protects you from cold.
   Fly:       It grants you flight.
   *Noise:    It may make noises in combat.
 b - a +2 dire flail of freezing
Armour
 c - a +1 cloak (worn)
 g - a +2 pair of gloves
 i - a +0 helmet (worn)
 l - a +0 crystal plate armour (worn)
 q - a +1 leather armour of cold resistance
 r - +0 acid dragon scales
 s - a +2 pair of gloves of hurling (worn)
Jewellery
 e - an amulet of magic regeneration
 f - an amulet of regeneration (around neck)
 u - a +6 ring of intelligence
 w - a +6 ring of intelligence
 A - a +6 ring of strength (right hand)
 G - a ring of resist corrosion (left hand)
Wands
 k - a wand of charming (8)
 m - a wand of digging (7)
 o - a wand of flame (10)
 v - a wand of iceblast (3)
 B - a wand of paralysis (7)
Scrolls
 j - a scroll of magic mapping
 t - a scroll of enchant weapon
 y - a scroll of teleportation
Potions
 d - 3 potions of mutation
 h - 2 potions of brilliance
 n - a potion of lignification
 p - a potion of magic
 x - a potion of resistance
 C - a potion of curing


   Skills:
 - Level 7.0 Fighting
 + Level 15.3(15.5) Axes
 - Level 3.7(10.7) Maces & Flails
 - Level 1.0 Throwing
 + Level 6.3 Armour
 - Level 2.3 Dodging
 - Level 2.6 Stealth
 - Level 2.0 Spellcasting
 - Level 1.0 Fire Magic
 - Level 2.2 Ice Magic


You had 10 spell levels left.
You knew the following spells:

 Your Spells              Type           Power      Damage    Failure   Level
a - Foxfire               Conj/Fire      16%        2x1d4     100%        1
b - Freeze                Ice            44%        1d6       99%         1
c - Frozen Ramparts       Ice            22%        1d4       100%        3

Your spell library contained the following spells:

 Spells                   Type           Power      Damage    Failure   Level
 Animate Skeleton         Necr           4%         N/A       100%        1
 Apportation              Tloc           4%         N/A       100%        1
 Pain                     Necr           8%         1d4       100%        1
 Summon Small Mammal      Summ           8%         N/A       100%        1
 Scorch                   Fire           12%        2d5       100%        2
 Static Discharge         Conj/Air       2%         N/A       100%        2
 Call Canine Familiar     Summ           2%         N/A       100%        3
 Gell's Gravitas          Tloc           2%         N/A       100%        3
 Ignite Poison            Fire/Tmut/Pois 3%         N/A       100%        3
 Lesser Beckoning         Tloc           2%         N/A       100%        3
 Mephitic Cloud           Conj/Pois/Air  2%         N/A       100%        3
 Portal Projectile        Hex/Tloc       4%         N/A       100%        3
 Teleport Other           Tloc           2%         N/A       100%        3
 Tukima's Dance           Hex            2%         N/A       100%        3
 Dispel Undead            Necr           2%         3d7       100%        4
 Flame Wave               Conj/Fire      4%         2d5       100%        4
 Hailstorm                Conj/Ice       6%         3d4       100%        4
 Ice Form                 Ice/Tmut       6%         N/A       100%        4
 Leda's Liquefaction      Hex/Erth       1%         N/A       100%        4
 Passage of Golubria      Tloc           2%         N/A       100%        4
 Sticky Flame             Conj/Fire      4%         2d3       100%        4
 Agony                    Necr           2%         N/A       100%        5
 Excruciating Wounds      Necr           1%         N/A       100%        5
 Freezing Cloud           Conj/Ice/Air   2%         6-21      100%        5
 Yara's Violent Unravell  Hex/Tmut       1%         3d3       100%        5
 Summon Cactus Giant      Summ           1%         N/A       100%        6


Dungeon Overview and Level Annotations

Branches:
Dungeon (10/15)            Temple (0/1) D:4            Lair (0/6) D:8
    Orc (2/2) D:9             Elf (0/3) Orc:2

Altars:
Dithmenos
Kikubaaqudgha
Makhleb
Okawaru
Ru
Sif Muna
Uskayaw
Wu Jian
Xom
Yredelemnul

Shops:
D:4 *   D:6 *   Orc:2 [*

Annotations:
D:5 1 runed translucent door, Crazy Yiuf


Innate Abilities, Weirdness & Mutations

You have sharp fingernails.
When hurt, damage is shared between your health and your magic reserves.
You regenerate magic rapidly.
When low on magic, you restore magic in place of health.
Your movements are slightly less encumbered by armour. (ER -2)
Spells you cast may paralyse adjacent enemies.
You possess an exceptional clarity of mind.
Your flesh is heat resistant. (rF+)
Your spells are a little harder to cast, but a little more powerful.


Message History

The deep troll claws you but does no damage.
The deep troll barely misses you.
The cyclops throws a large rock.
The large rock hits you!!
* * * LOW HITPOINT WARNING * * *
There is a stone staircase leading up here.
The deep troll bites you.
* * * LOW HITPOINT WARNING * * *
The deep troll claws you but does no damage. x2
You fly upwards.
The warg stops to sniff the ground.
There is a stone staircase leading down here.
Unknown command.
Okay, then.
Aiming: Paralyse
Press: ? - help, Shift-Dir - straight line, f - deep troll
Aim: a deep troll (chance to affect: 31%)
The deep troll easily resists.
The deep troll bites you but does no damage.
The deep troll claws you but does no damage.
The deep troll claws you!
* * * LOW HITPOINT WARNING * * *
Unknown command.
As you read the scroll of teleportation, it crumbles to dust.
You feel strangely unstable.
The orc sorcerer shouts!
The warg bites you!
* * * LOW HITPOINT WARNING * * *
The warg bites you.
* * * LOW HITPOINT WARNING * * *
The deep troll bites you but does no damage.
The deep troll claws you.
* * * LOW HITPOINT WARNING * * *
The deep troll claws you but does no damage.
You feel better. The warg closely misses you.
The deep troll bites you but does no damage.
The deep troll claws you but does no damage. x2
Found 18 gold pieces.
The orc sorcerer points at you and mumbles some strange words.
The bolt of negative energy hits you!
You feel drained.
You die...

##..........##..
#...............
#..............#
#.............#
##............#.
#...............
#.....T>.......
##$............
#...$@h.....#..
#..........##...
#...........# ..
#........o.... .
##.....#.......
#.............
#.......#....^
##.#...###$#.


You could see a deep troll, a warg and an orc sorcerer.

Vanquished Creatures
  Josephine (D:9)
  9 two-headed ogres
  An orc high priest (D:9)
  A deep troll (Orc:2)
  Pikel (D:7)
  A cyclops (Orc:1)
  Maurice (D:8)
  Psyche (D:8)
  6 trolls (Orc:2)
  A hornet (D:7)
  3 yaks (D:10)
  5 humans (D:9)
  Eustachio (D:5)
  4 wraiths (D:9)
  A steam dragon (D:8)
  A warg (D:9)
  2 vampire mosquitoes (D:10)
  3 acid dragons (D:10)
  A water moccasin (D:8)
  7 orc warriors
  2 sky beasts
  2 black bears
  An ice beast (D:7)
  12 ogres
  3 centaurs
  2 lemures (D:7)
  3 bullfrogs
  2 kobold brigands
  3 wyvern zombies
  2 gnoll sergeants (D:6)
  A scorpion (D:5)
  A wyvern skeleton (D:6)
  A water moccasin skeleton (D:5)
  16 killer bees
  9 wights
  2 bullfrog zombies
  An electric eel (D:9)
  2 lava snakes (D:7)
  3 crimson imps (D:3)
  8 orc priests
  2 centaur zombies
  2 bullfrog skeletons
  A centaur skeleton (D:4)
  4 hounds
  A gnoll shaman (D:10)
  Terence (D:2)
  Jessica (D:2)
  An iguana (D:4)
  10 orc wizards
  2 howler monkey zombies (D:8)
  5 adders
  15 gnolls
  A howler monkey skeleton (D:6)
  A worm (D:2)
  A dart slug (D:3)
  49 orcs
  4 ball pythons
  A bat (D:3)
  8 endoplasms
  5 giant cockroaches
  4 hobgoblins
  A quokka (D:3)
  15 frilled lizards
  8 goblins
  11 kobolds
  6 rats
287 creatures vanquished.

Vanquished Creatures (others)
  5 foxfires
  8 plants (D:6)
13 creatures vanquished.

Grand Total: 300 creatures vanquished

Notes
Turn   | Place    | Note
-------+----------+-------------------------------------------
     0 | D:1      | RighteousDevil the Demonspawn Wanderer began the quest for
                  | the Orb.
     0 | D:1      | RighteousDevil set off with the following items: a +0 club,
                  | a +0 robe, a +0 cloak; and the following spells available
                  | to memorise: Freeze, Foxfire, Frozen Ramparts, Ignite
                  | Poison, Ice Form
     0 | D:1      | Reached XP level 1. HP: 13/13 MP: 3/3
    68 | D:1      | Learned a level 1 spell: Foxfire
   214 | D:1      | Reached skill level 1 in Fighting
   520 | D:1      | Learned a level 1 spell: Freeze
   602 | D:1      | Gained mutation: You have sharp fingernails. [demonic
                  | ancestry]
   602 | D:1      | Reached XP level 2. HP: 19/22 MP: 5/5
  1438 | D:2      | Reached skill level 1 in Maces & Flails
  1444 | D:2      | Reached XP level 3. HP: 24/27 MP: 6/6
  1650 | D:1      | Learned a level 3 spell: Frozen Ramparts
  1741 | D:2      | Noticed Jessica
  1823 | D:2      | Found a faded altar of an unknown god.
  1875 | D:2      | Killed Jessica
  1876 | D:2      | Reached XP level 4. HP: 27/33 MP: 7/7
  2013 | D:2      | Found an iron altar of Okawaru.
  2365 | D:3      | Noticed Terence
  2459 | D:2      | Killed Terence
  2460 | D:2      | Reached XP level 5. HP: 39/39 MP: 8/8
  2766 | D:2      | Prayed at the altar of an unknown god.
  2766 | D:2      | Became a worshipper of the Wu Jian Council
  2766 | D:2      | Reached * piety under Wu Jian
  3122 | D:3      | Found a shimmering altar of Xom.
  3296 | D:3      | Reached XP level 6. HP: 47/47 MP: 9/9
  3642 | D:4      | Found the +8 frozen axe "Frostbite" {freezing cloud, *Noise
                  | Fly rC+}
  3766 | D:4      | Reached skill level 1 in Axes
  3812 | D:4      | Found Mashrewa's CLEARANCE SALE!.
  3815 | D:4      | Bought a scroll of enchant armour for 30 gold pieces
  3879 | D:4      | Reached skill level 2 in Axes
  3937 | D:4      | Reached ** piety under Wu Jian
  3946 | D:4      | Reached skill level 3 in Axes
  3946 | D:4      | Gained mutation: You regenerate magic rapidly. [demonic
                  | ancestry]
  3946 | D:4      | Reached XP level 7. HP: 37/52 MP: 10/10
  4103 | D:4      | Found a staircase to the Ecumenical Temple.
  4283 | D:5      | Entered Level 5 of the Dungeon
  4320 | D:5      | Noticed Eustachio
  4323 | D:5      | Found a shadowy altar of Dithmenos.
  4339 | D:5      | Killed Eustachio
  4340 | D:5      | Reached skill level 4 in Axes
  4511 | D:5      | Reached skill level 5 in Axes
  4524 | D:5      | Found a basalt altar of Yredelemnul.
  5253 | D:5      | Found a runed translucent door.
  5254 | D:5      | Noticed Crazy Yiuf
  5477 | D:6      | Reached skill level 6 in Axes
  5477 | D:6      | Reached XP level 8. HP: 57/58 MP: 11/11
  5649 | D:6      | Reached skill level 7 in Axes
  5775 | D:6      | Found Maoclosk's General Store.
  5803 | D:6      | Reached skill level 8 in Axes
  6337 | D:7      | Reached skill level 9 in Axes
  6337 | D:7      | Gained mutation: When hurt, damage is shared between your
                  | health and your magic reserves. [demonic ancestry]
  6337 | D:7      | Reached XP level 9. HP: 37/64 MP: 12/12
  6400 | D:7      | Reached *** piety under Wu Jian
  6547 | D:7      | Reached skill level 10 in Axes
  6621 | D:7      | Noticed Pikel
  6627 | D:7      | Killed Pikel
  6630 | D:7      | Reached skill level 11 in Axes
  7015 | D:7      | Gained mutation: You possess an exceptional clarity of
                  | mind. [potion of mutation]
  7015 | D:7      | Gained mutation: Your flesh is heat resistant. (rF+)
                  | [potion of mutation]
  7015 | D:7      | Gained mutation: Your spells are a little harder to cast,
                  | but a little more powerful. [potion of mutation]
  7377 | D:8      | Found a staircase to the Lair.
  7464 | D:8      | Noticed Psyche
  7471 | D:8      | Killed Psyche
  7472 | D:8      | Gained mutation: Spells you cast may paralyse adjacent
                  | enemies. [demonic ancestry]
  7472 | D:8      | Reached XP level 10. HP: 44/70 MP: 5/13
  7543 | D:8      | Found a burning altar of Makhleb.
  7719 | D:8      | Noticed Maurice
  7730 | D:8      | Reached skill level 12 in Axes
  7731 | D:8      | Paralysed by something for 4 turns
  7731 | D:8      | Killed Maurice
  8081 | D:9      | Found a staircase to the Orcish Mines.
  8095 | D:9      | Noticed a two-headed ogre
  8115 | D:9      | Killed a two-headed ogre
  8187 | D:9      | Noticed a two-headed ogre
  8286 | D:9      | Killed a two-headed ogre
  8287 | D:9      | Reached skill level 13 in Axes
  8343 | D:9      | Found a shimmering blue altar of Sif Muna.
  8349 | D:9      | Reached **** piety under Wu Jian
  8431 | D:9      | Noticed a two-headed ogre
  8437 | D:9      | Killed a two-headed ogre
  8438 | D:9      | Reached skill level 14 in Axes
  8489 | D:9      | Found a sacrificial altar of Ru.
  8490 | D:9      | Found an ancient bone altar of Kikubaaqudgha.
  8530 | D:9      | Gained mutation: Your movements are slightly less
                  | encumbered by armour. (ER -2) [demonic ancestry]
  8530 | D:9      | Reached XP level 11. HP: 69/75 MP: 11/14
  8658 | D:9      | Found a hide-covered altar of Uskayaw.
  8727 | Orc:1    | Entered Level 1 of the Orcish Mines
  8735 | Orc:1    | Noticed Josephine
  8741 | Orc:1    | Noticed an orc high priest
  8760 | D:9      | Reached skill level 1 in Dodging
  8789 | D:9      | Killed an orc high priest
  8793 | D:9      | Killed Josephine
  9141 | D:10     | Entered Level 10 of the Dungeon
  9703 | D:10     | Reached skill level 5 in Fighting
 10221 | Orc:2    | Entered Level 2 of the Orcish Mines
 10285 | Orc:1    | Noticed an orc sorcerer
 10356 | Orc:2    | Found Juos's Assorted Antiques.
 10437 | Orc:2    | Reached ***** piety under Wu Jian
 10646 | Orc:2    | Found a staircase to the Elven Halls.
 10650 | Orc:2    | Found Xyegoku's Antique Armour Emporium.
 10650 | Orc:2    | Noticed a two-headed ogre
 10650 | Orc:2    | Noticed a deep troll
 10678 | Orc:2    | Noticed a deep troll
 10686 | Orc:2    | Killed a deep troll
 10708 | Orc:2    | Reached skill level 5 in Armour
 11031 | Orc:2    | Noticed a two-headed ogre
 11043 | Orc:2    | Killed a two-headed ogre
 11044 | Orc:2    | Reached skill level 15 in Axes
 11079 | Orc:2    | Noticed an ogre mage
 11080 | Orc:2    | Paralysed by an ogre mage for 5 turns
 11083 | Orc:2    | Noticed a two-headed ogre
 11244 | Orc:2    | Noticed a two-headed ogre
 11267 | Orc:2    | Killed a two-headed ogre
 11268 | Orc:2    | Gained mutation: When low on magic, you restore magic in
                  | place of health. [demonic ancestry]
 11268 | Orc:2    | Reached XP level 12. HP: 79/89 MP: 12/15
 11290 | Orc:2    | Noticed a two-headed ogre
 11331 | Orc:2    | Killed a two-headed ogre
 11394 | Orc:2    | Noticed a two-headed ogre
 11396 | Orc:2    | Noticed a two-headed ogre
 11405 | Orc:2    | Killed a two-headed ogre
 11408 | Orc:2    | Killed a two-headed ogre
 11410 | Orc:2    | Killed a two-headed ogre
 11668 | Orc:1    | HP: 2/91 [deep troll (4)]
 11671 | Orc:1    | Killed from afar by an orc sorcerer

Illustrated notes

Levels and vault maps discovered:
D:1:      dpeg_arrival_concentric_ovals, layout_basic,
          hangedman_decor_clover_reticule, minivault_27, minmay_lizard_pond
D:2:      layout_basic, serial_glass, glass_columns_b, glass_columns_c,
          hellmonk_ecumenical_altar_arch_garden, basic_altar, uniq_jessica
D:3:      layout_loops_cross, led_xom_imps, grunt_ministairs_10, st_stairs_5,
          minmay_statues_item, minmay_misc_feat_encased, uniq_terence
D:4:      wander_river, layout_basic, minmay_temple_entry_hall,
          chequers_decorated_corner, minmay_tree_intersection,
          nicolae_shop_clearance
D:5:      layout_layer_cave, mainiacjoe_overflow_cross_hatched,
          nicolae_dithmenos_the_darkroom, uniq_crazy_yiuf_cottage,
          uniq_eustachio
D:6:      layout_basic, serial_shops, nicolae_shop_crystal,
          nicolae_grassy_gnolls
D:7:      layout_basic, kennysheep_dice, uniq_pikel
D:8:      layout_loops_corners, lightli_temple_of_fire, lair_entry_dummy,
          eino_jars, uniq_psyche, uniq_maurice
D:9:      layout_big_octagon, gammafunk_temple_overflow_forgotten,
          lemuel_round_altar, minmay_ruffians
D:10:     layout_small_grid, hex_medium
Orc:1:    layout_caves, ebering_ghost_gozag, minmay_orc_barracks, uniq_josephine
Orc:2:    st_orc_open, layout_diamond_mine, basic_altar, serial_shops,
          shop_statue

Skill      XL: |  1  2  3  4  5  6  7  8  9 10 11 12 |
---------------+-------------------------------------+-----
Fighting       | 1 2 3 6 7 |  7.0
Maces & Flails | 1 2 3 |  3.7
Ice Magic      | 2 |  2.2
Armour         | 2 5 6 |  6.3
Axes           | 3 6 9 11 14 15 | 15.3
Dodging        | 2 |  2.3
Throwing       | |  1.0
Stealth        | |  2.6
Spellcasting   | |  2.0
Fire Magic     | |  1.0

Action                   |  1- 3 |  4- 6 |  7- 9 | 10-12 || total
-------------------------+-------+-------+-------+-------++-------
Melee: Club              |    44 |       |       |       ||    44
       Whip              |    73 |   276 |       |       ||   349
       Punch             |       |     1 |       |       ||     1
       Executioner's axe |       |    20 |   179 |   224 ||   423
 Cast: Foxfire           |     3 |       |     1 |       ||     4
       Freeze            |     7 |     2 |       |       ||     9
       Frozen Ramparts   |       |     1 |       |       ||     1
Invok: Lunge             |       |     5 |    16 |    16 ||    37
       Whirlwind         |       |    11 |     7 |     9 ||    27
       Serpent's Lash    |       |       |       |     3 ||     3
       Heavenly Storm    |       |       |       |     1 ||     1
Evoke: Wand              |       |       |     1 |     8 ||     9
  Use: Scroll            |     1 |     4 |     7 |    14 ||    26
       Potion            |     2 |     2 |     2 |     4 ||    10
 Stab: Sleeping          |     2 |     2 |     3 |       ||     7
Armor: Leather armour    |    42 |    58 |    96 |    75 ||   271
       Chain mail        |       |   113 |       |       ||   113
       Crystal plate arm |       |       |       |   123 ||   123
Dodge: Dodged            |    55 |    99 |   130 |   136 ||   420
